 Dungeon Crawl Stone Soup version 0.31.0-1-g2c135a008e (webtiles) character file.

Game seed: 14116320988388632693

1120 qw the Shooter (level 8, -13/58 HPs)
             Began as a Djinni Hunter on Jan 23, 2024.
             Was a Believer of Okawaru.
             Mangled by an orc warrior
             ... wielding a +0 glaive
              (17 damage)
             ... on level 7 of the Dungeon.
             The game lasted 00:00:16 (4306 turns).

qw the Shooter (Djinni Hunter)                      Turns: 4306, Time: 00:00:17

Health: -13/58     AC:  9    Str: 10    XL:     8   Next: 61%
Gold:   356        EV: 12    Int: 11    God:    Okawaru [**....] SH:  0 Dex: 19

rFire   + + .        a - +0 shortbow (drain)
rCold   . . .        (shield currently unavailable)
rNeg    . . .        d - +0 ring mail
rPois   inf          b - +0 helmet
rElec   .            f - +0 cloak
rCorr   .            (no gloves)
SInv    .            (boots unavailable)
Will    +....        (no amulet)
Stlth   +            e - ring of protection from cold
HPRegen 0.29/turn    (no ring)
MPRegen 0.00/turn

%: infuse magic (-14 HP)
@: marked, flying, hasted, very quick
A: sickness immunity, fire resistance 2, cold vulnerability 1, float, innate
caster, HP casting, extra vitality 1, iridescent scales 1, strong-willed 1, wild
magic 1, MP-powered wands
a: Renounce Religion, Heroism


You were on level 7 of the Dungeon.
You worshipped Okawaru.
Okawaru was pleased with you.
You visited 1 branch of the dungeon, and saw 7 of its levels.

You collected 356 gold pieces.


Innate Abilities, Weirdness & Mutations

You are immune to sickness and miasma.
You are immune to poison.
Your flesh is very heat resistant. (rF++)
You are vulnerable to cold. (rC-)
You float through the air rather than walking.
You learn spells naturally, not from books.
Your magical power is your life essence.
You have superior vitality. (+4 MHP)
You are partially covered in iridescent scales. (AC +2)
You are strong-willed. (Will+)
Your spells are a little harder to cast, but a little more powerful.
You expend health (3 HP) to strengthen your wands.


   Skills:
 - Level 4.0 Fighting
 + Level 6.0 Ranged Weapons
 - Level 2.6 Armour
 - Level 4.7 Dodging
 - Level 0.7 Stealth
 - Level 4.1 Invocations


You knew the following spells:

 Your Spells              Type           Power      Damage    Failure   Level
a - Kiss of Death         Conj/Necr      0%         2d5       73%         1
b - Static Discharge      Conj/Air       0%         3-3/arc   85%         2
c - Ensorcelled Hibernat  Hex/Ice        0%         N/A       85%         2
Your spell library was empty.

Inventory:

Hand Weapons
 a - a +0 shortbow of draining (weapon)
Armour
 b - a +0 helmet (worn)
 d - a +0 ring mail (worn)
 f - a +0 cloak (worn)
Jewellery
 e - a ring of protection from cold (left hand)
Wands
 h - a wand of mindburst (10)
Scrolls
 c - a scroll of identify
Potions
 j - a potion of lignification {unknown}
 k - a potion of mutation

Dungeon Overview and Level Annotations

Branches:
Dungeon (7/15)             Temple (0/1) D:6

Altars:
Dithmenos
Elyvilon
Fedhas
Nemelex Xobeh
Okawaru
Qazlal


Message History

The killer bee closely misses you. The scorpion closely misses you.
You shoot an arrow.
The arrow barely misses the water moccasin.
The arrow hits the centaur.
You drain the centaur.
The centaur is moderately wounded.
The killer bee closely misses you.
The water moccasin bites you but does no damage.
The scorpion stings you but does no damage.
The killer bee stings you. The orc warrior barely misses you.
You shoot an arrow.
The arrow closely misses the water moccasin.
The arrow hits the centaur.
The centaur is severely wounded.
The killer bee stings you but does no damage.
The water moccasin barely misses you.
A centaur comes into view.
The scorpion stings you.
The orc priest calls down the wrath of Beogh upon you.
Beogh smites you!
The killer bee stings you but does no damage.
The orc warrior completely misses you. The water moccasin closely misses you.
You shoot an arrow.
The arrow barely misses the water moccasin.
The arrow barely misses the centaur.
The arrow hits the orc.
You drain the orc.
The orc is severely wounded.
The killer bee stings you but does no damage.
The scorpion closely misses you. The water moccasin bites you.
You shoot an arrow. The arrow hits the water moccasin.
You kill the water moccasin!
Okawaru is honoured by your kill. The killer bee barely misses you.
The orc warrior closely misses you. The scorpion barely misses you.
The killer bee stings you.
Your Dodging skill increases to level 4!
You shoot an arrow. The arrow hits the centaur.
The centaur is severely wounded.
The centaur hits you but does no damage.
The centaur kicks you but does no damage.
The killer bee closely misses you.
The orc warrior hits you from afar with a +0 glaive!
You die...

###.....#####...#
+.....#.......#
#.....#.......#
#.....'.......#
#.....#########
#.............
#.............
#....s........
####@#........
#.cyc#........
#..oo#........
+.o..#........
##..c#........
#...#.......
#...# #...# ....#


You could see an orc warrior, 3 centaurs, a scorpion, a killer bee, an orc
priest and an orc (very drained).

Vanquished Creatures
  A steam dragon (D:6)
  Menkaure (D:5)
  A water moccasin (D:7)
  A black bear (D:4)
  An ogre (D:5)
  A phantom (D:5)
  2 killer bees (D:7)
  A howler monkey (D:6)
  3 bombardier beetles (D:5)
  4 hounds (D:6)
  An orc priest (D:3)
  An iguana (D:5)
  Robin (D:3)
  6 adders
  A white imp (D:5)
  A ribbon worm (D:2)
  A dart slug (D:2)
  4 orcs
  10 ball pythons
  3 bats
  7 endoplasms
  2 giant cockroaches
  15 goblins
  6 hobgoblins
  2 quokkas
  2 frilled lizards (D:1)
  2 kobolds (D:2)
  3 rats
84 creatures vanquished.

Notes
Turn   | Place    | Note
-------+----------+-------------------------------------------
     0 | D:1      | qw the Djinni Hunter began the quest for the Orb.
     0 | D:1      | Reached XP level 1. HP: 18/18 MP: 0/0
     0 | D:1      | 0 ||| qw: Version: 0.3-a-134-g2ba4250
     0 | D:1      | 0 ||| qw: Game counter: 709
     0 | D:1      | 0 ||| qw: Melee chars always use a shield: true
     0 | D:1      | 0 ||| qw: God list: Okawaru
     0 | D:1      | 0 ||| qw: Allow faded altars: false
     0 | D:1      | 0 ||| qw: Do Orc after clearing Dungeon:15 true
     0 | D:1      | 0 ||| qw: Do second Lair branch before Depths: true
     0 | D:1      | 0 ||| qw: Lair rune preference: random
     0 | D:1      | 0 ||| qw: Goals: Normal
     0 | D:1      | 0 ||| PLANNING D:1-11
    91 | D:1      | Reached XP level 2. HP: 23/23 MP: 0/0
   613 | D:1      | 613 ||| READING scroll labelled BOHOPPI TEGH.
   614 | D:1      | 614 ||| READING scroll labelled QEWNUO YMEMP.
   615 | D:1      | 615 ||| READING scroll labelled VECISK CEONGEI.
   616 | D:1      | 616 ||| READING scroll labelled HESANO BAUNA.
   616 | D:1      | 616 ||| IDENTIFYING ruby potion
   617 | D:1      | 617 ||| READING scroll labelled URENEK ZOFY.
   617 | D:1      | 617 ||| BRANDING +0 shortbow.
   618 | D:1      | 618 ||| READING scroll labelled WUMPIQ XIUD.
   619 | D:1      | 619 ||| READING scroll labelled ROEXOS RIEWK.
   659 | D:1      | 659 ||| DROPPING scroll of butterflies.
   660 | D:1      | 660 ||| DROPPING potion of berserk rage.
   993 | D:2      | Reached XP level 3. HP: 28/28 MP: 0/0
   993 | D:2      | Learned a level 1 spell: Kiss of Death
  1035 | D:2      | Reached skill level 4 in Ranged Weapons
  1347 | D:2      | 1347 ||| UPGRADING to +0 ring mail.
  1357 | D:2      | 1357 ||| DROPPING +0 leather armour.
  1358 | D:2      | 1358 ||| UPGRADING to +0 cloak.
  1363 | D:2      | 1363 ||| DROPPING +6 ring of intelligence.
  1472 | D:3      | Found an iron altar of Okawaru.
  1473 | D:3      | 1473 ||| PLANNING OKAWARU WORSHIP
  1473 | D:3      | 1473 ||| READING scroll of identify.
  1473 | D:3      | 1473 ||| IDENTIFYING scroll labelled QUANAFROIC
  1474 | D:3      | 1474 ||| DROPPING scroll of fear.
  1478 | D:3      | Became a worshipper of Warmaster Okawaru
  1479 | D:3      | 1479 ||| PLANNING D:1-11
  1662 | D:3      | 1662 ||| RETREEEEATING.
  1668 | D:3      | Reached skill level 1 in Armour
  1675 | D:3      | Reached skill level 3 in Fighting
  1675 | D:3      | Reached XP level 4. HP: 20/35 MP: 0/0
  1739 | D:3      | Noticed Robin
  1746 | D:3      | Killed Robin
  1747 | D:3      | Reached XP level 5. HP: 39/40 MP: 0/0
  1747 | D:3      | Learned a level 2 spell: Static Discharge
  2112 | D:3      | Found a stormy altar of Qazlal.
  2302 | D:3      | 2302 ||| UPGRADING to +0 helmet.
  2307 | D:3      | 2307 ||| READING scroll of identify.
  2307 | D:3      | 2307 ||| IDENTIFYING red potion
  2308 | D:3      | 2308 ||| DROPPING potion of degeneration.
  2415 | D:4      | Found a shadowy altar of Dithmenos.
  2869 | D:4      | Noticed a black bear
  2876 | D:4      | Killed a black bear
  2877 | D:4      | Reached skill level 5 in Ranged Weapons
  2877 | D:4      | Reached XP level 6. HP: 43/46 MP: 0/0
  2943 | D:4      | Found a blossoming altar of Fedhas.
  3012 | D:4      | 3012 ||| UPGRADING to ring of protection from cold.
  3013 | D:4      | 3013 ||| READING scroll labelled KOOLUOPHA ROES.
  3017 | D:4      | 3017 ||| READING scroll labelled SUAZIN LIANT.
  3018 | D:4      | 3018 ||| DRINKING 2 glowing yellow potions.
  3033 | D:5      | Entered Level 5 of the Dungeon
  3054 | D:5      | Reached skill level 3 in Dodging
  3129 | D:5      | Reached * piety under Okawaru
  3252 | D:5      | Noticed Menkaure
  3253 | D:5      | 3253 ||| ZAPPING wand of mindburst (19) at 4,-3 (Menkaure;
                  | floor).
  3254 | D:5      | 3254 ||| ZAPPING wand of mindburst (18) at 3,-3 (Menkaure;
                  | floor).
  3255 | D:5      | 3255 ||| ZAPPING wand of mindburst (17) at 2,-2 (Menkaure;
                  | floor).
  3256 | D:5      | 3256 ||| ZAPPING wand of mindburst (16) at 1,-1 (Menkaure;
                  | floor).
  3257 | D:5      | 3257 ||| ZAPPING wand of mindburst (15) at 1,-1 (Menkaure;
                  | floor).
  3258 | D:5      | 3258 ||| ZAPPING wand of mindburst (14) at 1,-1 (Menkaure;
                  | floor).
  3259 | D:5      | 3259 ||| ZAPPING wand of mindburst (13) at 1,-1 (Menkaure;
                  | floor).
  3260 | D:5      | 3260 ||| ZAPPING wand of mindburst (12) at 1,-1 (Menkaure;
                  | floor).
  3261 | D:5      | 3261 ||| ZAPPING wand of mindburst (11) at 1,-1 (Menkaure;
                  | floor).
  3261 | D:5      | Killed Menkaure
  3262 | D:5      | Reached skill level 1 in Invocations
  3262 | D:5      | Reached XP level 7. HP: 28/52 MP: 0/0
  3262 | D:5      | Learned a level 2 spell: Ensorcelled Hibernation
  3354 | D:5      | Found a sparkling altar of Nemelex Xobeh.
  3505 | D:5      | Found a white marble altar of Elyvilon.
  3614 | D:5      | Reached skill level 3 in Invocations
  3680 | D:5      | 3680 ||| READING scroll of identify.
  3680 | D:5      | 3680 ||| IDENTIFYING fizzy green potion
  3750 | D:6      | Reached skill level 6 in Ranged Weapons
  3830 | D:6      | Reached XP level 8. HP: 58/58 MP: 0/0
  3920 | D:6      | Reached ** piety under Okawaru
  4072 | D:6      | Found a staircase to the Ecumenical Temple.
  4226 | D:6      | 4226 ||| DRINKING 2 amethyst potions.
  4226 | D:6      | Gained mutation: You are partially covered in iridescent
                  | scales. (AC +2) [potion of mutation]
  4226 | D:6      | Gained mutation: You are strong-willed. (Will+) [potion of
                  | mutation]
  4226 | D:6      | Gained mutation: You expend health (3 HP) to strengthen
                  | your wands. [potion of mutation]
  4226 | D:6      | Gained mutation: Your spells are a little harder to cast,
                  | but a little more powerful. [potion of mutation]
  4282 | D:7      | 4282 ||| RETREEEEATING.
  4296 | D:7      | HP: 14/58 [scorpion (1)]
  4297 | D:7      | 4297 ||| DRINKING potion of heal wounds.
  4298 | D:7      | 4298 ||| DRINKING potion of haste.
  4303 | D:7      | HP: 8/58 [orc priest/divine providence (12)]
  4306 | D:7      | Mangled by an orc warrior

Levels and vault maps discovered:
D:1:      amcnicky_arrival_gap_in_the_tavern_cellar, layout_loops_ring
D:2:      layout_basic, hangedman_feature_mirror
D:3:      layout_basic, mainiacjoe_overflow_alcove_1,
          gammafunk_temple_overflow_wave, uniq_robin
D:4:      layout_basic, fedhas_altar_4, grunt_dithmenos_smoke_and_mirrors
D:5:      layout_rooms, general_overflow_altar, nemelex_dance_club_becter,
          uniq_menkaure
D:6:      layout_cave_pools, minmay_temple_entry_antechambers,
          nicolae_water_bricks
D:7:      layout_gridville, amcnicky_altar_gilded,
          ebering_ghost_reflecting_pool, chequers_avenue, uniq_maggie

Skill      XL: |  1  2  3  4  5  6  7  8 |
---------------+-------------------------+-----
Ranged Weapons | 4 5 6 |  6.0
Armour         | 1 2 |  2.6
Fighting       | 3 4 |  4.0
Dodging        | 3 4 |  4.7
Invocations    | 1 3 4 |  4.1
Stealth        | |  0.7

Action                     |  1- 3 |  4- 6 |  7- 9 || total
---------------------------+-------+-------+-------++-------
   Fire: Shortbow          |    91 |    85 |    89 ||   265
  Evoke: Wand              |       |     9 |       ||     9
    Use: Scroll            |     8 |     3 |     1 ||    12
         Potion            |       |     1 |     3 ||     4
 Armour: Leather armour    |     5 |       |       ||     5
         Ring mail         |    10 |    20 |    89 ||   119
  Dodge: Dodged            |    14 |    19 |    65 ||    98

Table legend:
 A = Non-vault XP
 B = Vault XP
 C = Vault XP percentage of total XP
 D = Non-vault monster count
 E = Vault monster count
 F = Vault count percentage of total count
                 A         B        C        D         E       F
            +---------+---------+-------+---------+---------+-------
      Total |    1267 |     334 |  20.9 |      67 |      17 |  20.2
            +---------+---------+-------+---------+---------+-------
        D:1 |      28 |       0 |   0.0 |      17 |       0 |   0.0
        D:2 |      16 |       3 |  15.8 |       7 |       2 |  22.2
        D:3 |      78 |      36 |  31.6 |      13 |      12 |  48.0
        D:4 |     149 |       0 |   0.0 |      10 |       0 |   0.0
        D:5 |     340 |     295 |  46.5 |      11 |       3 |  21.4
        D:6 |     381 |       0 |   0.0 |       6 |       0 |   0.0
        D:7 |     275 |       0 |   0.0 |       3 |       0 |   0.0
            +---------+---------+-------+---------+---------+-------
